 Dungeon Crawl Stone Soup version 0.28-a0-674-gdaf460b524 (webtiles) character file.

Game seed: 1720453124449062436

1 SkeletonJelly the Sneak (level 1, -2/10 HPs)
             Began as a Felid Delver on Oct 17, 2021.
             Slain by a black bear (3 damage)
             ... on level 4 of the Dungeon.
             The game lasted 00:01:08 (217 turns).

SkeletonJelly the Sneak (Felid Delver)               Turns: 217, Time: 00:01:09

Health: -2/10      AC:  1    Str:  8    XL:     1   Next: 16%
Magic:  2/2        EV: 17    Int: 11    God:
Gold:   9          SH:  0    Dex: 17    Spells: 0/0 levels left
                                        Lives:  0   Deaths: 0

rFire   . . .      SeeInvis +     - Unarmed
rCold   . . .      Faith    .   (shield unavailable)
rNeg    . . .      Spirit   .   (armour unavailable)
rPois   .          Reflect  .   (helmet unavailable)
rElec   .          Harm     .   (cloak unavailable)
rCorr   .          Rampage  .   (gloves unavailable)
Will    .....                   (boots unavailable)
Stlth   +++.......              (no amulet)
HPRegen 0.03/turn               (no ring)
MPRegen 0.08/turn               (no ring)

@: about to teleport, quick
A: very small, claws 1, fangs 3, see invisible, speed 1, shaggy fur 1, stealthy
paws, no weapons or thrown items, no armour, multi-lived
a: no special abilities


You were on level 4 of the Dungeon.
You visited 1 branch of the dungeon, and saw 2 of its levels.

You collected 9 gold pieces.

Inventory:

Wands
 e - a wand of digging (3)
 g - a wand of acid (8)
Scrolls
 a - a scroll of fog
 b - a scroll of magic mapping
 c - a scroll of fear
Potions
 d - a potion of haste
 f - 2 potions of magic {unknown}


   Skills:
 - Level 3.0 Fighting
 + Level 2.7 Dodging
 + Level 6.6 Stealth
 * Level 2.0 Unarmed Combat


You couldn't memorise any spells.
You didn't know any spells.
Your spell library was empty.

Dungeon Overview and Level Annotations

Branches:
Dungeon (5/15)
 Temple: D:4-7

Altars:
Qazlal

Shops:
D:4 [


Innate Abilities, Weirdness & Mutations

You have sharp claws.
You have razor-sharp teeth.
You have supernaturally acute eyesight. (SInv)
You cover ground quickly. (Speed+)
You are covered in fur. (AC +1)
Your paws help you pounce on unaware monsters.
You are incapable of wielding weapons or throwing items.
You cannot wear armour.
You gain extra lives every three experience levels.


Message History

Welcome, SkeletonJelly the Felid Delver.
They say the Orb of Zot lies within this dungeon, but they say a lot of things.
Press ? for a list of commands and other information.
Found a stone staircase leading down.
Unknown command.
Found a great sword.
Found a quarterstaff.
Found a stone staircase leading up.
Found a stormy altar of Qazlal.
Found a potion of haste.
You now have 9 gold pieces.
You see here a +0 chain mail.
f - 2 emerald potions An iguana comes into view.
Found 25 stones.
You see here a potion of haste.
Found 17 stones.
The iguana hisses angrily.
There is a stone staircase leading up here.
You climb upwards.
There is a stone staircase leading down here.
Found 11 poisoned darts.
g - a wand of acid (8)
Found a runed hunting sling.
You see here a +1 vorpal hunting sling.
h - a scroll labelled WOJIEP RATS A black bear comes into view.
Found an inky potion.
Found Hiarr's Armour Boutique.
Found 25 stones.
A hobgoblin comes into view.
The helpless hobgoblin fails to defend itself.
You mangle the hobgoblin!!
You kill the hobgoblin!
You see here a hobgoblin corpse.
The helpless black bear fails to defend itself.
You mangle the black bear!!
The black bear is severely wounded.
The black bear goes berserk!
You see here a hobgoblin corpse.
The black bear misses you. x2; The black bear claws you.
You take 1 damage, and have 9/10 hp.
The black bear rages.
Health restored: 10 The black bear barely misses you.
The black bear claws you!
Ouch! That really hurt!
* * * LOW HITPOINT WARNING * * *
The black bear claws you.
* * * LOW HITPOINT WARNING * * *
You take 9 damage, and have 1/10 hp.
MASSIVE DAMAGE!!
The black bear rages.
As you read the scroll labelled WOJIEP RATS, it crumbles to dust.
You feel strangely unstable.
It was a scroll of teleportation.
The black bear completely misses you. The black bear claws you.
You die...

........†##.##
..........#..##
......!.......#
....##..#.∩.#.#
### #..#...#.##
....#.#.#..#
.......#.##.#
..##...#..##h#
.. #.(# .##.@#
#.. . #.## #.##
#..# ##.# ##.#
#..# #.## #.#


You could see a black bear (berserk).

Vanquished Creatures
  A hobgoblin (D:4)
1 creature vanquished.

Notes
Turn   | Place    | Note
-------+----------+-------------------------------------------
     0 | D:5      | SkeletonJelly the Felid Delver began the quest for the Orb.
     0 | D:5      | Reached XP level 1. HP: 10/10 MP: 2/2
    27 | D:5      | Found a stormy altar of Qazlal.
    47 | D:5      | Noticed an iguana
   196 | D:4      | Noticed a black bear
   197 | D:4      | Found Hiarr's Armour Boutique.
   217 | D:4      | Slain by a black bear

Illustrated notes

Levels and vault maps discovered:
D:4:      layout_gridville, serial_shops, nicolae_shop_stone
D:5:      layout_loops_ring, lemuel_crystal_altar, minmay_temple_entry_arrows,
          uniq_pikel

Action                   || total
-------------------------++-------
Melee: Unarmed           ||     2
  Use: Scroll            ||     1
 Stab: Sleeping          ||     2
Dodge: Dodged            ||     4

Table legend: (Time is in decaauts)
 A = Elapsed time spent in this place.
 B = Non-inter-level travel time spent in this place.
 C = Inter-level travel time spent in this place.
 D = Time resting spent in this place.
 E = Time spent auto-exploring this place.
 F = Levels seen in this place.
 G = Mean time per level.
                   A        B        C        D        E       F      G
               +--------+--------+--------+--------+--------+-----+--------+
         Total |    174 |    174 |      0 |      0 |    126 |   2 |   87.0 |
       Dungeon |    174 |    174 |      0 |      0 |    126 |   2 |   87.0 |
               +--------+--------+--------+--------+--------+-----+--------+

Top non-repeatable levels by time:
     D:4: 115 daAuts
     D:5: 59 daAuts
